Devils vs Ducks

Created - 9 novembre 2020 at 20:38

Goals
1 2 3 T
Devils 2 1 0 3
Ducks 2 1 1 4
Shots
1 2 3 T
Devils 11 16 10 37
Ducks 6 9 15 30

1st period

1. Ducks , Marcus Johansson 3 (Jacob de La Rose 1, Calvin de Haan 5) at 10:54 (PP)
2. Devils , T.J. Oshie 2 (Mikhail Sergachev 2) at 11:19
3. Ducks , Marcus Johansson 4 (Calvin de Haan 6) at 12:23
4. Devils , Nicklas Backstrom 1 (Damon Severson 1) at 17:08 (PP)

Penalties :
Chris Kreider (NJD) for Hooking (Minor) at 9:06, Calvin de Haan (ANA) for Hooking (Minor) at 15:41, Josh Manson (ANA) for Hooking (Minor) at 19:56

2nd period

5. Ducks , Luke Kunin 3 (Tyler Ennis 2, Kyle Turris 2) at 6:24
6. Devils , Travis Konecny 1 (Sam Reinhart 1, Justin Schultz 5) at 15:24

Penalties :
Calvin de Haan (ANA) for Holding (Minor) at 8:46

3rd period

7. Ducks , Marcus Johansson 5 (Carter Verhaeghe 1) at 0:04

Penalties :
Josh Manson (ANA) for Roughing (Minor) at 1:13, Josh Manson (ANA) for Holding (Minor) at 8:06

Goalie Stats

Marc-Andre Fleury (NJD), 26 saves from 30 shots - (0,867), L, 1-3-0, 59:25 minutes
Anton Forsberg (ANA), 34 saves from 37 shots - (0,919), W, 2-1-0, 60:00 minutes

Players Stats for Devils

Player Name              G  A  P  +/- PIM S  H  SB GA TA FO     MP     PP MP  PK MP  
------------------------------------------------------------------------------------
Brian Boyle              0  0  0   0  0   3  0  0  0  0  7/11    7:33   0:00   0:55 
Cale Makar               0  0  0   0  0   2  2  0  0  0  0/0    22:43   5:35   0:00 
Chris Kreider            0  0  0   0  2   5  3  0  0  0  1/2    19:22   4:51   0:00 
Damon Severson           0  1  1   1  0   4  0  1  0  0  0/0    20:05   3:48   0:53 
Justin Schultz           0  1  1  -2  0   1  0  2  0  0  0/0    17:12   0:00   0:55 
Mathieu Joseph           0  0  0   0  0   1  0  1  0  0  0/0     6:38   0:00   0:00 
Mike Hoffman             0  0  0  -1  0   2  1  0  0  0  0/1    17:55   3:53   0:45 
Mikhail Sergachev        0  1  1   1  0   2  1  1  0  0  0/0    19:12   3:48   0:00 
Nicklas Backstrom        1  0  1   0  0   4  0  0  0  0  19/25  19:31   4:51   0:08 
Niklas Hjalmarsson       0  0  0  -2  0   1  1  1  0  0  0/0    16:52   0:00   0:55 
Pavel Zacha              0  0  0  -1  0   0  0  1  0  0  0/1    14:00   0:00   0:43 
Rocco Grimaldi           0  0  0   0  0   0  0  0  0  0  0/1     7:17   0:39   0:00 
Ryan Suter               0  0  0   0  0   2  0  1  0  0  0/0    23:56   5:35   0:53 
Sam Reinhart             0  1  1   0  0   2  0  0  0  0  7/19   19:33   4:32   0:00 
T.J. Oshie               1  0  1   0  0   2  2  0  0  0  0/0    18:44   4:51   0:00 
Travis Konecny           1  0  1   0  0   4  2  0  0  0  1/1    18:54   4:32   0:00 
Tyler Bozak              0  0  0  -1  0   1  0  0  0  0  14/19  14:02   0:00   0:45 
Zack Smith               0  0  0   0  0   1  1  0  0  0  0/0    14:42   0:00   0:20 

Players Stats for Ducks

Player Name              G  A  P  +/- PIM S  H  SB GA TA FO     MP     PP MP  PK MP  
------------------------------------------------------------------------------------
Anders Lee               0  0  0   0  0   3  1  0  0  0  1/5    19:50   1:12   4:38 
Brandon Sutter           0  0  0   0  0   4  0  0  0  0  10/21  14:14   0:14   0:00 
Brett Connolly           0  0  0  -1  0   0  1  0  0  0  0/0     6:12   0:00   0:19 
Calvin de Haan           0  2  2   1  4   2  6  2  0  0  0/0    23:29   0:59   3:13 
Carter Verhaeghe         0  1  1   2  0   0  2  0  0  0  13/26  20:37   0:49   4:03 
Craig Smith              0  0  0  -1  0   2  1  0  0  0  1/1     5:53   0:00   0:00 
David Kase               0  0  0   2  0   0  4  0  0  0  0/1    18:54   1:12   1:10 
Derek Forbort            0  0  0   0  0   0  0  2  0  0  0/0    19:57   0:51   4:49 
Jack Roslovic            0  0  0  -1  0   1  1  0  0  0  0/8    12:36   0:22   5:34 
Jacob de La Rose         0  1  1   0  0   0  1  0  0  0  1/2    15:09   0:22   0:00 
Josh Manson              0  0  0   0  6   1  6  2  0  0  0/0    16:39   0:00   0:42 
Kyle Turris              0  1  1   0  0   2  0  0  0  0  4/14   12:24   0:00   0:00 
Luke Kunin               1  0  1   0  0   3  2  0  0  0  1/2    13:01   0:37   0:00 
Luke Schenn              0  0  0   0  0   1  2  0  0  0  0/0    14:11   0:35   0:06 
Marcus Johansson         3  0  3   2  0   6  0  0  0  0  0/0    19:58   1:11   3:02 
T.J. Brodie              0  0  0   0  0   1  0  2  0  0  0/0    22:22   0:00   5:02 
Tobias Bjornfot          0  0  0   1  0   2  0  3  0  0  0/0    22:42   0:36   4:54 
Tyler Ennis              0  1  1   0  0   2  0  0  0  0  0/0    12:24   0:00   0:00 

3 Stars

1 - Marcus Johansson (ANA)
2 - Calvin de Haan (ANA)
3 - Carter Verhaeghe (ANA)

Power Play

Devils - 1 on 5 Attempt(s) - 20,00%
Ducks - 1 on 1 Attempt(s) - 100,00%

Penalty Kill

Devils - 0 on 1 Attempt(s) - 0,00% - Score 0 goal in Penalty Kill
Ducks - 4 on 5 Attempt(s) - 80,00% - Score 0 goal in Penalty Kill

Team Stat

Devils - Hits : 13 - Faceoff Wins : 49 - Blocked Shots : 8 - Penalty Minutes : 2
Ducks - Hits : 27 - Faceoff Wins : 31 - Blocked Shots : 11 - Penalty Minutes : 10

Official

Referees : Kelly Sutherland and Brandon Blandina
Linesman : Matt MacPherson and Julien Fournier

Game Notes

Marcus Johansson has scored a Hat Trick!

Finance

Level 1 -- Attendance: 6500 (100,00%) -- Ticket Income 715 000 $
Level 2 -- Attendance: 5000 (100,00%) -- Ticket Income 375 000 $
Level 3 -- Attendance: 2600 (100,00%) -- Ticket Income 145 600 $
Level 4 -- Attendance: 2074 (100,00%) -- Ticket Income 82 960 $
Luxury Box -- Attendance: 996 (99,60%) -- Ticket Income 198 204 $
Game was played at the Honda Center.
Total Attendance: 17170 (99,98%)
Total Ticket Income: 1 516 764 $
Other Income: 743 214 $
Total Income: 2 259 978 $

% Time on Ice - Devils

Lines # - Real PCT - Wanted PCT - Time Play
Normal Forward
1 - 29% - 33% - 13:53
2 - 30% - 32% - 14:22
3 - 28% - 30% - 13:17
4 - 14% - 5% - 6:38
Normal Defense
1 - 34% - 32% - 16:29
2 - 32% - 32% - 15:24
3 - 33% - 31% - 15:57
4 - 1% - 5% - 0:20
PP Forward
1 - 52% - 60% - 4:51
2 - 48% - 40% - 4:32
PP Defense
1 - 60% - 60% - 5:35
2 - 40% - 40% - 3:48
PK Forward
1 - 81% - 60% - 1:28
2 - 19% - 40% - 0:20
PK Defense
1 - 51% - 60% - 0:55
2 - 49% - 40% - 0:53
PK3 Forward
1 - 0% - 60%
2 - 0% - 40%
PK3 Defense
1 - 0% - 60%
2 - 0% - 40%
44 Forward
1 - 0% - 60%
2 - 0% - 40%
44 Defense
1 - 0% - 60%
2 - 0% - 40%
Last Minute Offensive  - 0:39
Last Minute Defensive  - 0:00
Total
Forward - 60:00
Defense - 60:00

% Time on Ice - Ducks

Lines # - Real PCT - Wanted PCT - Time Play
Normal Forward
1 - 33% - 40% - 15:45
2 - 29% - 30% - 14:00
3 - 26% - 20% - 12:24
4 - 12% - 10% - 5:53
Normal Defense
1 - 35% - 40% - 17:00
2 - 33% - 30% - 16:00
3 - 28% - 20% - 13:30
4 - 3% - 10% - 1:32
PP Forward
1 - 66% - 60% - 1:11
2 - 34% - 40% - 0:37
PP Defense
1 - 100% - 60% - 1:48
2 - 0% - 40% - 0:00
PK Forward
1 - 68% - 60% - 6:21
2 - 32% - 40% - 3:02
PK Defense
1 - 65% - 60% - 6:06
2 - 35% - 40% - 3:17
PK3 Forward
1 - 0% - 60%
2 - 0% - 40%
PK3 Defense
1 - 0% - 60%
2 - 0% - 40%
44 Forward
1 - 0% - 60%
2 - 0% - 40%
44 Defense
1 - 0% - 60%
2 - 0% - 40%
Last Minute Offensive  - 0:00
Last Minute Defensive  - 0:47
Total
Forward - 60:00
Defense - 60:00

Play-by-Play

1st period


0:01 of 1st period - Nicklas Backstrom wins face-off versus Carter Verhaeghe in neutral zone.
0:24 of 1st period - Ryan Suter is hit by David Kase.
0:29 of 1st period - Off-side.
0:30 of 1st period - Brandon Sutter wins face-off versus Sam Reinhart in neutral zone.
0:39 of 1st period - Shot by Damon Severson.
0:39 of 1st period - Shot Misses the Net.
0:41 of 1st period - Shot by Damon Severson.
0:41 of 1st period - Stopped by Anton Forsberg with a rebound.
0:47 of 1st period - Shot by Zack Smith.
0:47 of 1st period - Shot Misses the Net.
0:49 of 1st period - Shot by Damon Severson.
0:49 of 1st period - Stopped by Anton Forsberg without a rebound.
0:50 of 1st period - Tyler Bozak wins face-off versus Kyle Turris in Ducks zone.
1:27 of 1st period - Shot by Mike Hoffman.
1:27 of 1st period - Shot Misses the Net.
1:29 of 1st period - Shot by Justin Schultz.
1:29 of 1st period - Shot Blocked by Derek Forbort.
2:27 of 1st period - Ryan Suter is hit by Calvin de Haan and loses puck.
2:56 of 1st period - Cale Makar is hit by Carter Verhaeghe and loses puck.
3:23 of 1st period - Shot by Mathieu Joseph.
3:23 of 1st period - Stopped by Anton Forsberg without a rebound.
3:24 of 1st period - Brandon Sutter wins face-off versus Mike Hoffman in Ducks zone.
3:50 of 1st period - Tyler Bozak is hit by Josh Manson and loses puck.
5:02 of 1st period - Shot by T.J. Oshie.
5:02 of 1st period - Shot Misses the Net.
7:12 of 1st period - Zack Smith is hit by Luke Schenn.
7:16 of 1st period - Shot by Travis Konecny.
7:16 of 1st period - Shot Misses the Net.
7:18 of 1st period - Shot by Travis Konecny.
7:18 of 1st period - Shot Misses the Net.
7:20 of 1st period - Shot by Travis Konecny.
7:20 of 1st period - Shot Misses the Net.
7:22 of 1st period - Shot by Travis Konecny.
7:22 of 1st period - Shot Hit the Post.
7:24 of 1st period - Shot by Zack Smith.
7:24 of 1st period - Shot Misses the Net.
7:47 of 1st period - Icing by Damon Severson.
7:48 of 1st period - Brian Boyle wins face-off versus Jack Roslovic in Devils zone.
7:48 of 1st period - Brian Boyle is hit by Brett Connolly.
9:06 of 1st period - Minor Penalty to Chris Kreider for Hooking.
9:07 of 1st period - Brian Boyle wins face-off versus Luke Kunin in Devils zone.
9:07 of 1st period - Justin Schultz is hit by Luke Kunin.
9:23 of 1st period - Shot by Calvin de Haan.
9:23 of 1st period - Stopped by Marc-Andre Fleury with a rebound.
9:25 of 1st period - Shot by Luke Kunin.
9:25 of 1st period - Shot Misses the Net.
9:55 of 1st period - Shot by Brandon Sutter.
9:55 of 1st period - Shot Misses the Net.
9:57 of 1st period - Shot by Tobias Bjornfot.
9:57 of 1st period - Stopped by Marc-Andre Fleury without a rebound.
9:58 of 1st period - Carter Verhaeghe wins face-off versus Nicklas Backstrom in Devils zone.
10:23 of 1st period - Shot by Anders Lee.
10:23 of 1st period - Shot Misses the Net.
10:32 of 1st period - Off-side.
10:33 of 1st period - Jacob de La Rose wins face-off versus Tyler Bozak in neutral zone.
10:54 of 1st period - Shot by Marcus Johansson.
10:54 of 1st period - Goal by Marcus Johansson - Devils : 0 - Ducks : 1.
10:55 of 1st period - Sam Reinhart wins face-off versus Kyle Turris in neutral zone.
11:05 of 1st period - Shot by Niklas Hjalmarsson.
11:05 of 1st period - Stopped by Anton Forsberg without a rebound.
11:06 of 1st period - Nicklas Backstrom wins face-off versus Kyle Turris in Ducks zone.
11:17 of 1st period - Shot by T.J. Oshie.
11:17 of 1st period - Shot Misses the Net.
11:19 of 1st period - Shot by T.J. Oshie.
11:19 of 1st period - Goal by T.J. Oshie - Devils : 1 - Ducks : 1.
11:20 of 1st period - Sam Reinhart wins face-off versus Brandon Sutter in neutral zone.
11:20 of 1st period - Sam Reinhart is hit by Jacob de La Rose.
11:23 of 1st period - Travis Konecny is hit by Josh Manson and loses puck.
12:21 of 1st period - Shot by Marcus Johansson.
12:21 of 1st period - Shot Blocked by Niklas Hjalmarsson.
12:23 of 1st period - Shot by Marcus Johansson.
12:23 of 1st period - Goal by Marcus Johansson - Devils : 1 - Ducks : 2.
12:24 of 1st period - Nicklas Backstrom wins face-off versus Kyle Turris in neutral zone.
12:29 of 1st period - Shot by Chris Kreider.
12:29 of 1st period - Shot Misses the Net.
13:24 of 1st period - Marcus Johansson is hit by Cale Makar and loses puck.
13:27 of 1st period - Shot by Marcus Johansson.
13:27 of 1st period - Shot Misses the Net.
14:00 of 1st period - Icing by Brandon Sutter.
14:01 of 1st period - Tyler Bozak wins face-off versus Anders Lee in Ducks zone.
14:06 of 1st period - Shot by Mike Hoffman.
14:06 of 1st period - Stopped by Anton Forsberg without a rebound.
14:07 of 1st period - Tyler Bozak wins face-off versus Jack Roslovic in Ducks zone.
14:10 of 1st period - Shot by Tyler Bozak.
14:10 of 1st period - Stopped by Anton Forsberg with a rebound.
14:12 of 1st period - Shot by Pavel Zacha.
14:12 of 1st period - Shot Misses the Net.
14:14 of 1st period - Shot by Pavel Zacha.
14:14 of 1st period - Shot Blocked by Josh Manson.
14:16 of 1st period - Shot by Pavel Zacha.
14:16 of 1st period - Shot Misses the Net.
14:31 of 1st period - Icing by Damon Severson.
14:32 of 1st period - Brandon Sutter wins face-off versus Tyler Bozak in Devils zone.
14:33 of 1st period - Shot by Anders Lee.
14:33 of 1st period - Stopped by Marc-Andre Fleury with a rebound.
14:52 of 1st period - Shot by Jacob de La Rose.
14:52 of 1st period - Shot Blocked by Damon Severson.
14:55 of 1st period - Icing by Damon Severson.
14:56 of 1st period - Tyler Bozak wins face-off versus Carter Verhaeghe in Devils zone.
14:56 of 1st period - Tyler Bozak is hit by David Kase.
15:11 of 1st period - Mikhail Sergachev is hit by Carter Verhaeghe and loses puck.
15:41 of 1st period - Minor Penalty to Calvin de Haan for Hooking.
15:42 of 1st period - Nicklas Backstrom wins face-off versus Carter Verhaeghe in Ducks zone.
16:07 of 1st period - Shot by T.J. Oshie.
16:07 of 1st period - Deflect By Chris Kreider.
16:07 of 1st period - Shot Misses the Net.
16:17 of 1st period - Shot by Chris Kreider.
16:17 of 1st period - Stopped by Anton Forsberg without a rebound.
16:18 of 1st period - Carter Verhaeghe wins face-off versus Sam Reinhart in Ducks zone.
17:08 of 1st period - Shot by Nicklas Backstrom.
17:08 of 1st period - Goal by Nicklas Backstrom - Devils : 2 - Ducks : 2.
17:09 of 1st period - Kyle Turris wins face-off versus Brian Boyle in neutral zone.
17:19 of 1st period - Tyler Ennis is hit by Niklas Hjalmarsson and loses puck.
17:22 of 1st period - Shot by Luke Kunin.
17:22 of 1st period - Shot Misses the Net.
17:24 of 1st period - Shot by Kyle Turris.
17:24 of 1st period - Deflect By Tyler Ennis.
17:24 of 1st period - Shot Misses the Net.
17:26 of 1st period - Shot by Calvin de Haan.
17:26 of 1st period - Stopped by Marc-Andre Fleury without a rebound.
17:27 of 1st period - Tyler Bozak wins face-off versus Brandon Sutter in Devils zone.
17:27 of 1st period - Tyler Bozak is hit by Anders Lee.
18:24 of 1st period - Niklas Hjalmarsson is hit by David Kase and loses puck.
19:48 of 1st period - Shot by T.J. Oshie.
19:48 of 1st period - Stopped by Anton Forsberg with a rebound.
19:50 of 1st period - Shot by Cale Makar.
19:50 of 1st period - Stopped by Anton Forsberg without a rebound.
19:51 of 1st period - Brian Boyle wins face-off versus Anders Lee in Ducks zone.
19:51 of 1st period - Brian Boyle is hit by Josh Manson.
19:56 of 1st period - Minor Penalty to Josh Manson for Hooking.
19:57 of 1st period - Carter Verhaeghe wins face-off versus Nicklas Backstrom in Ducks zone.
19:57 of 1st period - Carter Verhaeghe is hit by Chris Kreider.
Goals for this period are 2 for Devils vs 2 for Ducks.
Shots for this period are 11 for Devils vs 6 for Ducks.

2nd period


0:01 of 2nd period - Chris Kreider wins face-off versus Carter Verhaeghe in neutral zone.
0:15 of 2nd period - Shot by Cale Makar.
0:15 of 2nd period - Shot Blocked by T.J. Brodie.
1:47 of 2nd period - Icing by Ryan Suter.
1:48 of 2nd period - Nicklas Backstrom wins face-off versus Carter Verhaeghe in Devils zone.
1:55 of 2nd period - Shot by Chris Kreider.
1:55 of 2nd period - Stopped by Anton Forsberg without a rebound.
1:56 of 2nd period - Kyle Turris wins face-off versus Brian Boyle in Ducks zone.
2:12 of 2nd period - Justin Schultz is hit by Josh Manson and loses puck.
2:58 of 2nd period - Shot by Chris Kreider.
2:58 of 2nd period - Stopped by Anton Forsberg without a rebound.
2:59 of 2nd period - Travis Konecny wins face-off versus Carter Verhaeghe in Ducks zone.
3:00 of 2nd period - Shot by Sam Reinhart.
3:00 of 2nd period - Shot Blocked by Tobias Bjornfot.
3:24 of 2nd period - Tobias Bjornfot is hit by Zack Smith and loses puck.
3:28 of 2nd period - Calvin de Haan is hit by Travis Konecny and loses puck.
4:06 of 2nd period - Shot by Brett Connolly.
4:06 of 2nd period - Shot Misses the Net.
4:08 of 2nd period - Shot by Derek Forbort.
4:08 of 2nd period - Shot Misses the Net.
4:14 of 2nd period - Shot by Brett Connolly.
4:14 of 2nd period - Shot Misses the Net.
4:16 of 2nd period - Shot by Luke Schenn.
4:16 of 2nd period - Stopped by Marc-Andre Fleury without a rebound.
4:17 of 2nd period - Brandon Sutter wins face-off versus Chris Kreider in Devils zone.
4:49 of 2nd period - T.J. Brodie is hit by T.J. Oshie and loses puck.
5:39 of 2nd period - Ryan Suter is hit by Calvin de Haan and loses puck.
6:06 of 2nd period - Shot by Tyler Bozak.
6:06 of 2nd period - Shot Misses the Net.
6:12 of 2nd period - Shot by Tyler Ennis.
6:12 of 2nd period - Shot Misses the Net.
6:22 of 2nd period - Shot by Tyler Ennis.
6:22 of 2nd period - Shot Blocked by Pavel Zacha.
6:24 of 2nd period - Shot by Luke Kunin.
6:24 of 2nd period - Goal by Luke Kunin - Devils : 2 - Ducks : 3.
6:25 of 2nd period - Craig Smith wins face-off versus Brian Boyle in neutral zone.
6:35 of 2nd period - Shot by Mikhail Sergachev.
6:35 of 2nd period - Stopped by Anton Forsberg with a rebound.
6:52 of 2nd period - Shot by Jack Roslovic.
6:52 of 2nd period - Stopped by Marc-Andre Fleury with a rebound.
6:54 of 2nd period - Shot by T.J. Brodie.
6:54 of 2nd period - Stopped by Marc-Andre Fleury without a rebound.
6:55 of 2nd period - Sam Reinhart wins face-off versus Brandon Sutter in Devils zone.
7:08 of 2nd period - Shot by Travis Konecny.
7:08 of 2nd period - Stopped by Anton Forsberg without a rebound.
7:09 of 2nd period - Carter Verhaeghe wins face-off versus Tyler Bozak in Ducks zone.
7:11 of 2nd period - Derek Forbort is hit by Mike Hoffman and loses puck.
8:41 of 2nd period - Icing by Tobias Bjornfot.
8:42 of 2nd period - Nicklas Backstrom wins face-off versus Brandon Sutter in Ducks zone.
8:46 of 2nd period - Minor Penalty to Calvin de Haan for Holding.
8:47 of 2nd period - Nicklas Backstrom wins face-off versus Jack Roslovic in Ducks zone.
9:09 of 2nd period - Shot by Cale Makar.
9:09 of 2nd period - Stopped by Anton Forsberg with a rebound.
9:11 of 2nd period - Shot by Ryan Suter.
9:11 of 2nd period - Shot Misses the Net.
9:13 of 2nd period - Shot by Chris Kreider.
9:13 of 2nd period - Stopped by Anton Forsberg without a rebound.
9:14 of 2nd period - Sam Reinhart wins face-off versus Anders Lee in Ducks zone.
9:47 of 2nd period - Shot by Sam Reinhart.
9:47 of 2nd period - Stopped by Anton Forsberg with a rebound.
9:49 of 2nd period - Shot by Damon Severson.
9:49 of 2nd period - Shot Blocked by Tobias Bjornfot.
10:16 of 2nd period - Shot by Nicklas Backstrom.
10:16 of 2nd period - Stopped by Anton Forsberg without a rebound.
10:17 of 2nd period - Nicklas Backstrom wins face-off versus David Kase in Ducks zone.
10:36 of 2nd period - Shot by Chris Kreider.
10:36 of 2nd period - Shot Blocked by Derek Forbort.
10:38 of 2nd period - Shot by Ryan Suter.
10:38 of 2nd period - Stopped by Anton Forsberg without a rebound.
10:39 of 2nd period - Sam Reinhart wins face-off versus Jack Roslovic in Ducks zone.
11:00 of 2nd period - Shot by Brian Boyle.
11:00 of 2nd period - Stopped by Anton Forsberg with a rebound.
11:02 of 2nd period - Shot by Rocco Grimaldi.
11:02 of 2nd period - Shot Misses the Net.
11:04 of 2nd period - Shot by Brian Boyle.
11:04 of 2nd period - Stopped by Anton Forsberg without a rebound.
11:05 of 2nd period - Tyler Bozak wins face-off versus Brandon Sutter in Ducks zone.
11:51 of 2nd period - Icing by Jacob de La Rose.
11:52 of 2nd period - Nicklas Backstrom wins face-off versus Brandon Sutter in Ducks zone.
12:11 of 2nd period - Shot by Nicklas Backstrom.
12:11 of 2nd period - Stopped by Anton Forsberg with a rebound.
12:28 of 2nd period - Shot by Marcus Johansson.
12:28 of 2nd period - Deflect By Carter Verhaeghe.
12:28 of 2nd period - Shot Misses the Net.
12:58 of 2nd period - Shot by Sam Reinhart.
12:58 of 2nd period - Stopped by Anton Forsberg without a rebound.
12:59 of 2nd period - Kyle Turris wins face-off versus Tyler Bozak in Ducks zone.
13:04 of 2nd period - Ryan Suter is hit by Luke Kunin and loses puck.
13:13 of 2nd period - Shot by Kyle Turris.
13:13 of 2nd period - Shot Misses the Net.
13:22 of 2nd period - Icing by T.J. Brodie.
13:23 of 2nd period - Kyle Turris wins face-off versus Sam Reinhart in Ducks zone.
13:36 of 2nd period - Shot by Kyle Turris.
13:36 of 2nd period - Stopped by Marc-Andre Fleury without a rebound.
13:37 of 2nd period - Brian Boyle wins face-off versus Brandon Sutter in Devils zone.
14:39 of 2nd period - Chris Kreider is hit by Calvin de Haan and loses puck.
14:44 of 2nd period - Shot by T.J. Oshie.
14:44 of 2nd period - Shot Blocked by Calvin de Haan.
14:55 of 2nd period - T.J. Oshie is hit by Calvin de Haan and loses puck.
15:14 of 2nd period - Shot by Travis Konecny.
15:14 of 2nd period - Stopped by Anton Forsberg with a rebound.
15:22 of 2nd period - Shot by Sam Reinhart.
15:22 of 2nd period - Shot Misses the Net.
15:24 of 2nd period - Shot by Travis Konecny.
15:24 of 2nd period - Goal by Travis Konecny - Devils : 3 - Ducks : 3.
15:25 of 2nd period - Tyler Bozak wins face-off versus Carter Verhaeghe in neutral zone.
15:34 of 2nd period - Shot by Pavel Zacha.
15:34 of 2nd period - Shot Misses the Net.
16:32 of 2nd period - Shot by Kyle Turris.
16:32 of 2nd period - Shot Misses the Net.
16:34 of 2nd period - Shot by Derek Forbort.
16:34 of 2nd period - Shot Misses the Net.
16:36 of 2nd period - Shot by Luke Kunin.
16:36 of 2nd period - Shot Blocked by Ryan Suter.
16:38 of 2nd period - Shot by Tyler Ennis.
16:38 of 2nd period - Stopped by Marc-Andre Fleury with a rebound.
16:40 of 2nd period - Shot by Luke Kunin.
16:40 of 2nd period - Stopped by Marc-Andre Fleury without a rebound.
16:41 of 2nd period - Brandon Sutter wins face-off versus Sam Reinhart in Devils zone.
16:44 of 2nd period - Shot by Anders Lee.
16:44 of 2nd period - Shot Blocked by Justin Schultz.
16:46 of 2nd period - Shot by Tobias Bjornfot.
16:46 of 2nd period - Stopped by Marc-Andre Fleury without a rebound.
16:47 of 2nd period - Brandon Sutter wins face-off versus Sam Reinhart in Devils zone.
17:21 of 2nd period - Icing by T.J. Brodie.
17:22 of 2nd period - Nicklas Backstrom wins face-off versus Brandon Sutter in Ducks zone.
17:39 of 2nd period - Shot by Nicklas Backstrom.
17:39 of 2nd period - Stopped by Anton Forsberg without a rebound.
17:40 of 2nd period - Brian Boyle wins face-off versus Carter Verhaeghe in Ducks zone.
17:59 of 2nd period - Shot by Marcus Johansson.
17:59 of 2nd period - Stopped by Marc-Andre Fleury without a rebound.
18:00 of 2nd period - Luke Kunin wins face-off versus Nicklas Backstrom in Devils zone.
18:06 of 2nd period - Luke Kunin is hit by Mikhail Sergachev and loses puck.
18:11 of 2nd period - Shot by Kyle Turris.
18:11 of 2nd period - Shot Misses the Net.
18:15 of 2nd period - Shot by Kyle Turris.
18:15 of 2nd period - Shot Misses the Net.
18:17 of 2nd period - Shot by Tyler Ennis.
18:17 of 2nd period - Shot Misses the Net.
18:19 of 2nd period - Shot by Luke Kunin.
18:19 of 2nd period - Shot Blocked by Mikhail Sergachev.
18:21 of 2nd period - Shot by Kyle Turris.
18:21 of 2nd period - Deflect By Tyler Ennis.
18:21 of 2nd period - Shot Misses the Net.
19:42 of 2nd period - Icing by Marcus Johansson.
19:43 of 2nd period - Carter Verhaeghe wins face-off versus Tyler Bozak in Ducks zone.
Goals for this period are 1 for Devils vs 1 for Ducks.
Shots for this period are 16 for Devils vs 9 for Ducks.

3rd period


0:01 of 3rd period - Carter Verhaeghe wins face-off versus Nicklas Backstrom in neutral zone.
0:04 of 3rd period - Shot by Marcus Johansson.
0:04 of 3rd period - Goal by Marcus Johansson - Devils : 3 - Ducks : 4.
0:05 of 3rd period - Nicklas Backstrom wins face-off versus Carter Verhaeghe in neutral zone.
0:08 of 3rd period - Shot by T.J. Oshie.
0:08 of 3rd period - Shot Misses the Net.
0:38 of 3rd period - Shot by Marcus Johansson.
0:38 of 3rd period - Shot Blocked by Justin Schultz.
0:40 of 3rd period - Shot by Marcus Johansson.
0:40 of 3rd period - Shot Misses the Net.
1:13 of 3rd period - Minor Penalty to Josh Manson for Roughing.
1:14 of 3rd period - Carter Verhaeghe wins face-off versus Sam Reinhart in Ducks zone.
1:43 of 3rd period - Shot by Mike Hoffman.
1:43 of 3rd period - Stopped by Anton Forsberg without a rebound.
1:44 of 3rd period - Carter Verhaeghe wins face-off versus Nicklas Backstrom in Ducks zone.
1:44 of 3rd period - Carter Verhaeghe is hit by Chris Kreider.
2:13 of 3rd period - Shot by T.J. Oshie.
2:13 of 3rd period - Shot Misses the Net.
2:15 of 3rd period - Shot by Mikhail Sergachev.
2:15 of 3rd period - Stopped by Anton Forsberg without a rebound.
2:16 of 3rd period - Carter Verhaeghe wins face-off versus Sam Reinhart in Ducks zone.
2:16 of 3rd period - Carter Verhaeghe is hit by Travis Konecny.
2:48 of 3rd period - Shot by Sam Reinhart.
2:48 of 3rd period - Deflect By Travis Konecny.
2:48 of 3rd period - Stopped by Anton Forsberg without a rebound.
2:49 of 3rd period - Nicklas Backstrom wins face-off versus Anders Lee in Ducks zone.
2:52 of 3rd period - Shot by Chris Kreider.
2:52 of 3rd period - Stopped by Anton Forsberg with a rebound.
2:54 of 3rd period - Shot by Damon Severson.
2:54 of 3rd period - Deflect By Chris Kreider.
2:54 of 3rd period - Shot Misses the Net.
2:56 of 3rd period - Shot by Nicklas Backstrom.
2:56 of 3rd period - Shot Misses the Net.
2:58 of 3rd period - Shot by Damon Severson.
2:58 of 3rd period - Stopped by Anton Forsberg with a rebound.
3:00 of 3rd period - Shot by Nicklas Backstrom.
3:00 of 3rd period - Shot Misses the Net.
3:02 of 3rd period - Shot by Mikhail Sergachev.
3:02 of 3rd period - Shot Blocked by Tobias Bjornfot.
3:04 of 3rd period - Shot by Mikhail Sergachev.
3:04 of 3rd period - Deflect By T.J. Oshie.
3:04 of 3rd period - Shot Misses the Net.
3:06 of 3rd period - Shot by Damon Severson.
3:06 of 3rd period - Shot Misses the Net.
3:08 of 3rd period - Shot by Nicklas Backstrom.
3:08 of 3rd period - Deflect By T.J. Oshie.
3:08 of 3rd period - Shot Blocked by Calvin de Haan.
3:32 of 3rd period - Rocco Grimaldi is hit by Josh Manson.
3:56 of 3rd period - Icing by Niklas Hjalmarsson.
3:57 of 3rd period - Anders Lee wins face-off versus Rocco Grimaldi in Devils zone.
3:58 of 3rd period - Shot by Brandon Sutter.
3:58 of 3rd period - Shot Blocked by Mathieu Joseph.
4:08 of 3rd period - Shot by Anders Lee.
4:08 of 3rd period - Stopped by Marc-Andre Fleury without a rebound.
4:09 of 3rd period - Carter Verhaeghe wins face-off versus Sam Reinhart in Devils zone.
4:12 of 3rd period - Shot by Marcus Johansson.
4:12 of 3rd period - Shot Misses the Net.
4:15 of 3rd period - Icing by Damon Severson.
4:16 of 3rd period - Sam Reinhart wins face-off versus Brandon Sutter in Devils zone.
4:37 of 3rd period - Shot by Travis Konecny.
4:37 of 3rd period - Shot Misses the Net.
4:39 of 3rd period - Shot by Zack Smith.
4:39 of 3rd period - Stopped by Anton Forsberg without a rebound.
4:40 of 3rd period - Nicklas Backstrom wins face-off versus Carter Verhaeghe in Ducks zone.
4:57 of 3rd period - Shot by Marcus Johansson.
4:57 of 3rd period - Stopped by Marc-Andre Fleury without a rebound.
4:58 of 3rd period - Tyler Bozak wins face-off versus Jack Roslovic in Devils zone.
4:58 of 3rd period - Tyler Bozak is hit by Jack Roslovic.
5:15 of 3rd period - Shot by Josh Manson.
5:15 of 3rd period - Stopped by Marc-Andre Fleury without a rebound.
5:16 of 3rd period - Carter Verhaeghe wins face-off versus Sam Reinhart in Devils zone.
5:37 of 3rd period - Shot by Sam Reinhart.
5:37 of 3rd period - Shot Misses the Net.
6:37 of 3rd period - Shot by Brandon Sutter.
6:37 of 3rd period - Shot Misses the Net.
6:52 of 3rd period - T.J. Oshie is hit by Luke Schenn and loses puck.
7:18 of 3rd period - Shot by Kyle Turris.
7:18 of 3rd period - Deflect By Tyler Ennis.
7:18 of 3rd period - Stopped by Marc-Andre Fleury without a rebound.
7:19 of 3rd period - Tyler Bozak wins face-off versus Jack Roslovic in Devils zone.
7:32 of 3rd period - Shot by Craig Smith.
7:32 of 3rd period - Stopped by Marc-Andre Fleury without a rebound.
7:33 of 3rd period - Carter Verhaeghe wins face-off versus Brian Boyle in Devils zone.
7:36 of 3rd period - Shot by Marcus Johansson.
7:36 of 3rd period - Stopped by Marc-Andre Fleury with a rebound.
8:00 of 3rd period - Rocco Grimaldi is hit by Josh Manson and loses puck.
8:06 of 3rd period - Minor Penalty to Josh Manson for Holding.
8:07 of 3rd period - Carter Verhaeghe wins face-off versus Sam Reinhart in Ducks zone.
8:45 of 3rd period - Shot by Ryan Suter.
8:45 of 3rd period - Stopped by Anton Forsberg with a rebound.
8:47 of 3rd period - Shot by Travis Konecny.
8:47 of 3rd period - Shot Misses the Net.
9:01 of 3rd period - Tobias Bjornfot is hit by T.J. Oshie and loses puck.
9:28 of 3rd period - Shot by Damon Severson.
9:28 of 3rd period - Stopped by Anton Forsberg with a rebound.
10:17 of 3rd period - Shot by Brian Boyle.
10:17 of 3rd period - Stopped by Anton Forsberg without a rebound.
10:18 of 3rd period - Brian Boyle wins face-off versus Kyle Turris in Ducks zone.
10:27 of 3rd period - Shot by Justin Schultz.
10:27 of 3rd period - Stopped by Anton Forsberg without a rebound.
10:28 of 3rd period - Tyler Bozak wins face-off versus Kyle Turris in Ducks zone.
10:45 of 3rd period - Shot by Kyle Turris.
10:45 of 3rd period - Stopped by Marc-Andre Fleury without a rebound.
10:46 of 3rd period - Brandon Sutter wins face-off versus Nicklas Backstrom in Devils zone.
10:51 of 3rd period - Shot by Anders Lee.
10:51 of 3rd period - Stopped by Marc-Andre Fleury with a rebound.
10:54 of 3rd period - Icing by Ryan Suter.
10:55 of 3rd period - Nicklas Backstrom wins face-off versus Carter Verhaeghe in Devils zone.
11:09 of 3rd period - Off-side.
11:10 of 3rd period - Sam Reinhart wins face-off versus Brandon Sutter in neutral zone.
11:12 of 3rd period - Mikhail Sergachev is hit by Calvin de Haan and loses puck.
11:16 of 3rd period - Icing by Jacob de La Rose.
11:17 of 3rd period - Brandon Sutter wins face-off versus Sam Reinhart in Ducks zone.
11:51 of 3rd period - Shot by Brandon Sutter.
11:51 of 3rd period - Stopped by Marc-Andre Fleury with a rebound.
11:53 of 3rd period - Shot by Brandon Sutter.
11:53 of 3rd period - Stopped by Marc-Andre Fleury without a rebound.
11:54 of 3rd period - Nicklas Backstrom wins face-off versus Carter Verhaeghe in Devils zone.
11:54 of 3rd period - Nicklas Backstrom is hit by David Kase.
12:06 of 3rd period - Shot by T.J. Oshie.
12:06 of 3rd period - Shot Blocked by T.J. Brodie.
12:49 of 3rd period - Icing by Ryan Suter.
12:50 of 3rd period - Nicklas Backstrom wins face-off versus Kyle Turris in Devils zone.
13:17 of 3rd period - Tyler Ennis is hit by Chris Kreider and loses puck.
13:54 of 3rd period - Icing by Derek Forbort.
13:55 of 3rd period - Brandon Sutter wins face-off versus Pavel Zacha in Ducks zone.
14:04 of 3rd period - Shot by Luke Schenn.
14:04 of 3rd period - Shot Misses the Net.
14:06 of 3rd period - Shot by Brandon Sutter.
14:06 of 3rd period - Stopped by Marc-Andre Fleury without a rebound.
14:07 of 3rd period - Brian Boyle wins face-off versus Jack Roslovic in Devils zone.
14:07 of 3rd period - Brian Boyle is hit by Craig Smith.
14:31 of 3rd period - Shot by Rocco Grimaldi.
14:31 of 3rd period - Shot Blocked by Josh Manson.
14:43 of 3rd period - Shot by Craig Smith.
14:43 of 3rd period - Stopped by Marc-Andre Fleury without a rebound.
14:44 of 3rd period - Tyler Bozak wins face-off versus Carter Verhaeghe in Devils zone.
15:16 of 3rd period - Tyler Bozak is hit by Calvin de Haan and loses puck.
15:51 of 3rd period - Brandon Sutter is hit by Cale Makar and loses puck.
16:02 of 3rd period - Shot by Brandon Sutter.
16:02 of 3rd period - Stopped by Marc-Andre Fleury without a rebound.
16:03 of 3rd period - Nicklas Backstrom wins face-off versus Kyle Turris in Devils zone.
16:10 of 3rd period - Icing by T.J. Brodie.
16:11 of 3rd period - Nicklas Backstrom wins face-off versus Kyle Turris in Ducks zone.
16:30 of 3rd period - Shot by Luke Kunin.
16:30 of 3rd period - Stopped by Marc-Andre Fleury without a rebound.
16:31 of 3rd period - Tyler Bozak wins face-off versus Brandon Sutter in Devils zone.
16:55 of 3rd period - Icing by Derek Forbort.
16:56 of 3rd period - Brandon Sutter wins face-off versus Sam Reinhart in Ducks zone.
18:24 of 3rd period - Off-side.
18:25 of 3rd period - Tyler Bozak wins face-off versus Jack Roslovic in neutral zone.
18:29 of 3rd period - Off-side.
18:30 of 3rd period - Tyler Bozak wins face-off versus Kyle Turris in neutral zone.
19:23 of 3rd period - Icing by Calvin de Haan.
19:24 of 3rd period - Nicklas Backstrom wins face-off versus Jacob de La Rose in Ducks zone.
19:25 of 3rd period - Devils, Marc-Andre Fleury is pulled from the net.
Goals for this period are 0 for Devils vs 1 for Ducks.
Shots for this period are 10 for Devils vs 15 for Ducks.